 Dungeon Crawl Stone Soup version 0.18-a0-1514-g6ed9364 (webtiles) character file.

1653 Duffy the Blocker (level 9, -3/64 HPs)
             Began as a Formicid Fighter on Mar 6, 2016.
             Slain by an orc warrior
             ... wielding a +0 battleaxe
              (10 damage)
             ... on level 6 of the Dungeon.
             The game lasted 00:06:06 (6611 turns).

Duffy the Blocker (Formicid Fighter)                Turns: 6611, Time: 00:06:06

Health: -3/64      AC:  5    Str: 23    XL:     9   Next: 19%
Magic:  18/18      EV:  9    Int:  9    God:
Gold:   102        SH: 12    Dex: 10    Spells: 0 memorised, 8 levels left

rFire  . . .     SeeInvis +     a - +0 long sword
rCold  . . .     Gourm    .     C - -1 scale mail (curse)
rNeg   . . .     Faith    .     c - +0 shield
rPois  .         Spirit   .     (helmet unavailable)
rElec  .         Dismiss  .     (no cloak)
rCorr  .         Reflect  .     (no gloves)
SustAt +         Harm     .     (no boots)
MR     .....                    (no amulet)
Stlth  ..........               v - ring of sustain attributes
                                s - ring of magical power

@: not resistant to hostile enchantments, extremely unstealthy
A: permanent stasis, dig shafts and tunnels, four strong arms, antennae 3
a: Dig, Shaft Self


You were on level 6 of the Dungeon.
You were not hungry.

You visited 1 branch of the dungeon, and saw 6 of its levels.
You also visited: Sewer.

You collected 217 gold pieces.
You spent 115 gold pieces at shops.


Innate Abilities, Weirdness & Mutations

You are under a permanent stasis effect.
You can dig through walls and to a lower floor.
Your four strong arms can wield two-handed weapons with a shield.
You have a pair of large antennae on your head (SInv).


   Skills:
 - Level 3.2 Fighting
 + Level 8.2 Long Blades
 - Level 3.2 Armour
 + Level 9.9 Shields


You had 8 spell levels left.
You didn't know any spells.

Inventory:

Hand Weapons
 a - a +0 long sword (weapon)
Missiles
 u - a throwing net (quivered)
Armour
 b - a +0 scale mail
 c - a +0 shield (worn)
 C - a cursed -1 scale mail (worn)
 D - a +0 chain mail
Jewellery
 s - a ring of magical power (left hand)
 v - a ring of sustain attributes (right hand)
 z - a +3 ring of intelligence {unknown}
Wands
 t - a wand of flame (28/48)
 A - a wand of digging (14/24)
Scrolls
 e - 3 scrolls of immolation {unknown}
 h - 4 scrolls of recharging {unknown}
 l - 2 scrolls of enchant weapon {unknown}
 m - 4 scrolls of teleportation {unknown}
 p - a scroll of fog {unknown}
 r - 3 scrolls of magic mapping
 x - 7 scrolls of identify
 B - a scroll of amnesia {unknown}
 F - 3 scrolls of remove curse {unknown}
Potions
 d - 4 potions of might
 i - a potion of haste {unknown}
 j - 4 potions of curing {unknown}
 k - 3 potions of degeneration {unknown}
 n - 2 potions of agility {unknown}
 o - 2 potions of brilliance {unknown}
 q - a potion of cure mutation {unknown}
Books
 y - a Fen Folio
Comestibles
 f - 4 bread rations
 g - 3 meat rations
 w - 2 slices of pizza

Dungeon Overview and Level Annotations

Branches:
Dungeon (6/15)
 Temple: D:4-7

Altars:
Ashenzari
Gozag
Makhleb
Okawaru
Qazlal
Ru
Trog
Xom
Yredelemnul
Zin
The Shining One

Shops:
D:4 ?

Annotations:
D:3 Duffy's ghost, amateur FoFi


Message History

You block the centaur skeleton's attack.
You slash the centaur skeleton!
You destroy the centaur skeleton!
You hit the orc warrior.
The orc warrior is moderately wounded.
You block the orc warrior's attack.
You closely miss the orc warrior.
The orc warrior is moderately wounded.
The orc warrior hits you with a battleaxe!!
You hit the orc warrior.
The orc warrior is moderately wounded.
You block the orc warrior's attack.
You hit the orc warrior.
The orc warrior is heavily wounded.
You barely miss the orc warrior.
The orc warrior is heavily wounded.
The orc warrior barely misses you.
You hit the orc warrior but do no damage.
The orc warrior is heavily wounded.
The orc warrior hits you with a battleaxe!!
You closely miss the orc warrior.
The orc warrior is heavily wounded.
You block the orc warrior's attack.
You hit the orc warrior.
The orc warrior is severely wounded.
You barely miss the orc warrior.
The orc warrior is severely wounded.
You block the orc warrior's attack.
You completely miss the orc warrior.
The orc warrior is severely wounded.
You block the orc warrior's attack.
You hit the orc warrior.
The orc warrior is almost dead.
The orc warrior hits you with a battleaxe!
You die...

#### ##...# ##o##
########{#@#
........#### #.###
.##....0# #... #.##o.#
#.# .# .. #.#.# #......
. #.##.###.#.##.# ##
....##.###...##.##.# .
...........{.o##.##.#.#
......#######)......#.#


You could see an orc warrior.

Action                   |  1- 3 |  4- 6 |  7- 9 || total
-------------------------+-------+-------+-------++-------
Melee: Long sword        |    94 |   191 |   358 ||   643
 Abil: Dig               |     2 |     5 |     3 ||    10
  Eat: Chunk             |       |     8 |    12 ||    20

Notes
Turn   | Place    | Note
--------------------------------------------------------------
     0 | D:1      | Duffy the Formicid Fighter began the quest for the Orb.
     0 | D:1      | Reached XP level 1. HP: 18/18 MP: 1/1
    86 | D:1      | Reached XP level 2. HP: 18/24 MP: 2/2
   379 | D:1      | Reached skill level 4 in Shields
   604 | D:1      | Reached XP level 3. HP: 29/29 MP: 3/3
   857 | D:1      | Reached skill level 3 in Long Blades
  1011 | D:2      | Noticed Robin
  1038 | D:2      | Killed Robin
  1038 | D:2      | Reached XP level 4. HP: 19/35 MP: 4/4
  1817 | D:4      | Found a glowing drain.
  1836 | D:4      | Reached skill level 5 in Shields
  1836 | D:4      | Reached XP level 5. HP: 23/41 MP: 5/5
  1920 | Sewer    | Entered a sewer
  1982 | Sewer    | Reached skill level 4 in Long Blades
  2611 | D:3      | Noticed Duffy's ghost (amateur FoFi)
  2808 | D:4      | Reached XP level 6. HP: 26/47 MP: 6/6
  2949 | D:4      | Found a sacrificial altar of Ru.
  2973 | D:5      | Entered Level 5 of the Dungeon
  3086 | D:4      | Noticed an Executioner
  3087 | D:4      | Found a burning altar of Makhleb.
  3090 | D:4      | Found a glowing silver altar of Zin.
  3090 | D:4      | Noticed an angel
  3090 | D:4      | Noticed a water moccasin
  3092 | D:4      | Killed a water moccasin
  3092 | D:4      | Reached skill level 5 in Long Blades
  3092 | D:4      | Reached skill level 6 in Shields
  3401 | D:4      | Reached XP level 7. HP: 30/52 MP: 7/7
  3862 | D:4      | Found Fufusch's Magic Scroll Shop.
  3869 | D:4      | Bought a scroll of identify for 22 gold pieces
  3869 | D:4      | Bought a scroll of magic mapping for 38 gold pieces
  3869 | D:4      | Bought a scroll of identify for 22 gold pieces
  3869 | D:4      | Bought a scroll of identify for 22 gold pieces
  3869 | D:4      | Bought a scroll of noise for 11 gold pieces
  4224 | D:4      | Reached skill level 7 in Shields
  4525 | D:4      | Reached skill level 6 in Long Blades
  4983 | D:5      | Noticed Sargon's ghost (novice DECj)
  5007 | D:5      | Killed Sargon's ghost
  5007 | D:5      | Reached skill level 8 in Shields
  5007 | D:5      | Reached XP level 8. HP: 12/58 MP: 8/8
  5398 | D:5      | Reached skill level 7 in Long Blades
  5571 | D:5      | Reached skill level 9 in Shields
  5749 | D:5      | Found an iron altar of Okawaru.
  5750 | D:5      | Found a glowing golden altar of the Shining One.
  5751 | D:5      | Found an opulent altar of Gozag.
  5752 | D:5      | Found a basalt altar of Yredelemnul.
  5752 | D:5      | Found a shimmering altar of Xom.
  5752 | D:5      | Found a shattered altar of Ashenzari.
  5753 | D:5      | Found a bloodstained altar of Trog.
  5774 | D:5      | Found a stormy altar of Qazlal.
  5996 | D:5      | Reached XP level 9. HP: 51/64 MP: 9/9
  6348 | D:5      | Reached skill level 8 in Long Blades
  6611 | D:6      | Slain by an orc warrior

Vault maps used:
D:1:      dpeg_arrival_signposts
D:2:      uniq_robin
D:3:      first_bread
D:4:      grunt_temple_overflow_order_and_chaos_2,
          nicolae_overflow_hidden_temple, portal_sewer_entry_a, serial_shops,
          shop_fountains, feat_on_display
D:5:      grunt_temple_overflow_open, grunt_qazlal_sundering
D:6:      minmay_temple_entry_enclosed_plants, basic_altar
Sewer:    sewer_co_cracked_pipes

Vanquished Creatures
  The ghost of Sargon the Destroyer, a novice DECj of Vehumet
  A water moccasin
  2 sky beasts
  3 ogres
  2 scorpions
  A crimson imp
  A hound
  3 orc wizards
  3 orc priests
  A giant frog skeleton
  A centaur skeleton
  2 iguanas
  5 worker ants
  2 hound zombies
  2 hound skeletons Robin
  6 adders
  8 gnolls
  3 river rats
  A worm
  2 dart slugs
  2 giant geckos
  24 orcs
  2 giant cockroaches
  14 goblins
  4 hobgoblins
  3 jackals
  A quokka
  9 ball pythons
  2 bats
  13 giant newts
  6 kobolds
  A quokka skeleton
  15 rats
147 creatures vanquished.
